 Dungeon Crawl Stone Soup version 0.19.5 (webtiles) character file.

410 vatarom the Gusty (level 6, 0/35 HPs)
             Began as a Tengu Air Elementalist on Mar 13, 2017.
             Slain by an ogre
             ... wielding a +0 giant club
              (16 damage)
             ... on level 4 of the Dungeon.
             The game lasted 00:12:33 (5277 turns).

vatarom the Gusty (Tengu Air Elementalist)          Turns: 5277, Time: 00:12:33

Health: 0/35       AC:  2    Str:  8    XL:     6   Next: 89%
Magic:  1/10       EV: 12    Int: 18    God:
Gold:   323        SH:  0    Dex: 16    Spells: 4 memorised, 1 level left

rFire  . . .     SeeInvis .     j - +4 flail (drain)
rCold  . . .     Gourm    .     a - +0 robe
rNeg   . . .     Faith    .     (no shield)
rPois  .         Spirit   .     (helmet restricted)
rElec  .         Reflect  .     (no cloak)
rCorr  .         Harm     .     (no gloves)
MR     .....                    (boots unavailable)
Stlth  ++........               e - amulet of inaccuracy
                                g - +2 ring of dexterity
                                d - ring of flight

@: very slightly contaminated, repel missiles, drained
A: beak, talons 3, able to fly 1
a: Fly, Evoke Flight


You were on level 4 of the Dungeon.
You were very hungry.

You visited 1 branch of the dungeon, and saw 4 of its levels.

You collected 323 gold pieces.

Inventory:

Hand Weapons
 j - a +4 flail of draining (weapon)
Missiles
 c - 2 exploding tomahawks (quivered)
Armour
 a - a +0 robe (worn)
Jewellery
 d - a ring of flight (left hand)
 e - an amulet of inaccuracy (around neck)
 g - a +2 ring of dexterity (right hand)
Scrolls
 h - 3 scrolls of magic mapping
 l - 3 scrolls of remove curse
 o - a scroll of amnesia
Potions
 f - a potion of cancellation
 i - a potion of curing
Books
 b - a book of Air

   Spells                             Type                      Level
   a - Shock                          Conjuration/Air              1
   b - Swiftness                      Charms/Air                   2
   c - Repel Missiles                 Charms/Air                   2
   d - Static Discharge               Conjuration/Air              3
   e - Lightning Bolt                 Conjuration/Air              5


   Skills:
 - Level 2.0(1.2) Fighting
 - Level 2.1(1.4) Dodging
 - Level 2.0(1.2) Stealth
 - Level 2.0(1.2) Spellcasting
 * Level 6.2(5.3) Conjurations
 - Level 7.0(6.1) Air Magic


You had one spell level left.
You knew the following spells:

 Your Spells              Type           Power        Failure   Level  Hunger
a - Shock                 Conj/Air       ###.         1%          1    ##.....
b - Repel Missiles        Chrm/Air       ##....       12%         2    ###....
c - Swiftness             Chrm/Air       ##......     12%         2    ###....
d - Static Discharge      Conj/Air       ###.....     6%          3    ####...


Dungeon Overview and Level Annotations

Branches:
Dungeon (4/15)
 Temple: D:4-7

Altars:
Nemelex Xobeh

Annotations:
D:3 Sigmund


Innate Abilities, Weirdness & Mutations

You have a beak for a mouth.
You have claws for feet.
You can fly.


Message History

The ogre is moderately wounded.
Casting: Shock
Confirm with . or Enter, or press ? or * to list all spells.
Aiming: Shock
Press: ? - help, Shift-Dir - straight line, f/p - ogre
Aim: an ogre, wielding a giant club (moderately wounded)
The zap hits the ogre.
The ogre is heavily wounded.
Casting: Shock
Confirm with . or Enter, or press ? or * to list all spells.
You miscast Static Discharge.
You are very lightly contaminated with residual magic.
You smell something strange.
The ogre hits you with a giant club!!
Ouch! That really hurt!
Casting: Static Discharge
Confirm with . or Enter, or press ? or * to list all spells.
You miscast Static Discharge.
You feel electric!
You are feeling very hungry.
The ogre hits you with a giant club!
You die...

.....# ..##.# ..##.####
........# #+# .###.##.#
#.# ># #.##.# #.#
#.##.####.## #####
#..........######......
####.##......@O.....#
#.###...#.###......#
#.# ##.##........###
..# ############# ###


You could see an ogre.

Vanquished Creatures
  Edmund (D:4)
  An orc priest (D:3)
  An orc wizard (D:4)
  An iguana (D:4)
  2 worker ants
  Ijyb (D:3)
  5 adders
  An adder skeleton (D:3)
  A worm (D:2)
  2 dart slugs (D:1)
  A leopard gecko (D:2)
  9 orcs
  A ball python (D:3)
  2 giant cockroaches
  9 goblins
  9 hobgoblins
  4 kobolds (D:2)
  A quokka (D:2)
  6 bats
  A frilled lizard (D:3)
  7 rats
66 creatures vanquished.

Vanquished Creatures (others)
  An orc wizard (D:4)
1 creature vanquished.

Grand Total: 67 creatures vanquished

Notes
Turn   | Place    | Note
-------+----------+-------------------------------------------
     0 | D:1      | vatarom the Tengu Air Elementalist began the quest for the Orb.
     0 | D:1      | Reached XP level 1. HP: 10/10 MP: 4/4
   238 | D:1      | Reached skill level 1 in Fighting
   238 | D:1      | Reached XP level 2. HP: 13/16 MP: 0/6
   377 | D:1      | Learned a level 2 spell: Repel Missiles
   380 | D:1      | Learned a level 2 spell: Swiftness
  1138 | D:2      | Reached XP level 3. HP: 14/21 MP: 1/7
  1455 | D:2      | Reached skill level 5 in Air Magic
  1456 | D:2      | HP: 1/21 [adder (3)]
  1524 | D:2      | Reached XP level 4. HP: 16/26 MP: 1/8
  1941 | D:2      | Found a faded altar of an unknown god.
  2247 | D:2      | Reached skill level 6 in Air Magic
  2445 | D:2      | Found a sparkling altar of Nemelex Xobeh.
  2720 | D:3      | Noticed Sigmund
  3134 | D:2      | Gained mutation: You can fly. [Tengu growth]
  3134 | D:2      | Reached XP level 5. HP: 16/30 MP: 0/9
  3357 | D:3      | Noticed Ijyb
  3366 | D:3      | Killed Ijyb
  3366 | D:3      | Reached skill level 7 in Air Magic
  3448 | D:3      | Learned a level 3 spell: Static Discharge
  4555 | D:4      | Reached XP level 6. HP: 29/35 MP: 7/10
  4922 | D:4      | Reached skill level 5 in Conjurations
  5041 | D:4      | Noticed Edmund
  5076 | D:4      | Killed Edmund
  5277 | D:4      | Slain by an ogre

Skill      XL: |  1  2  3  4  5  6 |
---------------+-------------------+-----
Fighting       | 1 2 |  2.0
Air Magic      | 5 6 7 |  7.0
Conjurations   | 3 6 |  6.2
Dodging        | |  2.1
Stealth        | |  2.0
Spellcasting   | |  2.0

Action                   |  1- 3 |  4- 6 || total
-------------------------+-------+-------++-------
Melee: Unarmed           |    16 |     6 ||    22
       Kick              |    13 |     9 ||    22
       Peck              |     2 |     7 ||     9
       Whip              |    22 |    21 ||    43
       Dagger            |     6 |       ||     6
       Flail             |       |    11 ||    11
 Cast: Shock             |    72 |   114 ||   186
       Repel Missiles    |       |     1 ||     1
       Static Discharge  |       |     5 ||     5
  Use: Scroll            |     4 |     4 ||     8
       Potion            |     4 |     6 ||    10
 Stab: Sleeping          |       |     1 ||     1
  Eat: Chunk             |     1 |     1 ||     2
       Bread ration      |     1 |     2 ||     3
       Beef jerky        |       |     1 ||     1
Armor: Robe              |    14 |    13 ||    27
       Skin              |       |     6 ||     6
Dodge: Dodged            |    53 |    62 ||   115
       Deflected         |       |     1 ||     1
